 Dungeon Crawl Stone Soup version 0.25-a0-474-ga8a2ee3166 (webtiles) character file.

Game seed: 13421220361820243566, levelgen mode: deterministic

279 Lugonue the Firebug (level 6, 0/47 HPs)
             Began as a Hill Orc Fire Elementalist on Feb 6, 2020.
             Was a Believer of Cheibriados.
             Slain by a gnoll
             ... wielding a +0 club
              (8 damage)
             ... on level 3 of the Dungeon.
             The game lasted 00:10:03 (3012 turns).

Lugonue the Firebug (Hill Orc Fire Elementalist)    Turns: 3012, Time: 00:10:03

Health: 0/47       AC:  7    Str: 17    XL:     6   Next: 26%
Magic:  9/9        EV: 13    Int: 19    God:    Cheibriados [**....]
Gold:   89         SH:  0    Dex: 15    Spells: 4/9 levels left

rFire    . . .     SeeInvis .   p - +0 war axe
rCold    . . .     Gourm    .   (no shield)
rNeg     + . .     Faith    .   a - +0 robe
rPois    .         Spirit   .   (no helmet)
rElec    .         Reflect  .   o - scarf {repulsion}
rCorr    .         Harm     .   b - +1 pair of gloves
MR       .....                  l - +2 pair of boots
Stlth    ++........             g - amulet of the acrobat
HPRegen  0.15/turn              k - ring of positive energy
MPRegen  0.11/turn              (no ring)

@: lethally poisoned (0 -> -1), repel missiles, very slow
A: no striking features
a: Bend Time, Renounce Religion


You were on level 3 of the Dungeon.
You worshipped Cheibriados.
Cheibriados was pleased with you.
You were not hungry.

You visited 1 branch of the dungeon, and saw 3 of its levels.

You collected 89 gold pieces.

Inventory:

Hand Weapons
 p - a +0 war axe (weapon)
Armour
 a - a +0 robe (worn)
 b - a +1 pair of gloves (worn)
 l - a +2 pair of boots (worn)
 o - a scarf of repulsion (worn)
Jewellery
 e - a cursed -3 ring of dexterity {unknown}
 g - an amulet of the acrobat (around neck)
 k - a ring of positive energy (left hand)
Scrolls
 d - a scroll of immolation {unknown}
 f - 2 scrolls of blinking {unknown}
 h - a scroll of identify
 i - a scroll of enchant weapon {unknown}
 j - 2 scrolls of amnesia {unknown}
 n - a scroll of remove curse
Potions
 m - a potion of curing
Comestibles
 c - 4 rations


   Skills:
 + Level 1.3 Fighting
 * Level 2.2 Axes
 + Level 2.5 Dodging
 + Level 2.5 Stealth
 + Level 2.4 Spellcasting
 + Level 2.2 Conjurations
 * Level 4.5 Fire Magic


You had 4 spell levels left.
You knew the following spells:

 Your Spells              Type           Power        Failure   Level  Hunger
a - Foxfire               Conj/Fire      ###.         4%          1    #......
b - Sticky Flame          Conj/Fire      ###.....     36%         4    #####..

Your spell library contained the following spells:

 Spells                   Type           Power        Failure   Level  Hunger
 Conjure Flame            Conj/Fire      ###.....     12%         3    ###....
 Inner Flame              Hex/Fire       ##......     19%         3    ###....
 Fireball                 Conj/Fire      ###.......   73%         5    ######.


Dungeon Overview and Level Annotations

Branches:
Dungeon (3/15)

Altars:
Cheibriados
Hepliaklqana
Kikubaaqudgha
Sif Muna

Annotations:
D:2 Sigmund


Message History

The gnoll is heavily wounded.
You feel sick. The gnoll hits you with a +0 club!
The gnoll hits you with a +0 club.
You are too injured to fight recklessly!
You are too injured to fight recklessly!
You closely miss the gnoll.
The gnoll is heavily wounded.
The gnoll closely misses you.
You hit the gnoll but do no damage.
The gnoll is moderately wounded.
The gnoll barely misses you.
You closely miss the gnoll.
The gnoll is moderately wounded.
The gnoll hits you but does no damage.
You hit the gnoll.
The gnoll is heavily wounded.
You feel sick. The gnoll hits you with a +0 club!
* * * LOW HITPOINT WARNING * * *
The gnoll hits you with a +0 club!
You die...

#..####.♣♣..♣.#... .
##...#..♣♣..♣...## .♣.
###.....♣.♣....# ...
##...........## ###.###
#...........#. .......
##..)......##. .......
##...#.......
......<#################.
......Kg@................
.......#################.
....... ## ....!.. ##
....... #. ####### #. #.
#. #.


You could see a gnoll and a kobold.

Vanquished Creatures
  An ogre (D:3)
  Jessica (D:3)
  3 gnolls (D:3)
  6 adders
  An ooze (D:2)
  2 worms
  2 dart slugs
  3 leopard geckos
  An orc (D:3)
  7 bats
  4 giant cockroaches
  8 hobgoblins
  4 jackals (D:2)
  6 kobolds
  3 quokkas (D:3)
  4 frilled lizards
  15 goblins
  2 rats
73 creatures vanquished.

Vanquished Creatures (others)
  134 foxfires
134 creatures vanquished.

Grand Total: 207 creatures vanquished

Notes
Turn   | Place    | Note
-------+----------+-------------------------------------------
     0 | D:1      | Lugonue the Hill Orc Fire Elementalist began the quest for
                  | the Orb.
     0 | D:1      | Reached XP level 1. HP: 14/14 MP: 3/3
   168 | D:1      | Reached XP level 2. HP: 3/20 MP: 0/4
   878 | D:2      | Reached XP level 3. HP: 17/26 MP: 1/5
  1046 | D:2      | Noticed Sigmund
  1460 | D:2      | Reached XP level 4. HP: 28/34 MP: 2/6
  1499 | D:2      | Found a snail-covered altar of Cheibriados.
  1500 | D:2      | Found an ancient bone altar of Kikubaaqudgha.
  1519 | D:2      | Reached skill level 4 in Fire Magic
  1536 | D:2      | Became a worshipper of Cheibriados the Contemplative
  1667 | D:2      | Learned a level 4 spell: Sticky Flame
  2325 | D:3      | Reached * piety under Cheibriados
  2331 | D:3      | Noticed Jessica
  2337 | D:3      | Killed Jessica
  2337 | D:3      | Reached XP level 5. HP: 19/39 MP: 2/8
  2466 | D:3      | Noticed an ogre
  2475 | D:3      | Found a shimmering blue altar of Sif Muna.
  2498 | D:3      | Killed an ogre
  2498 | D:3      | Reached skill level 1 in Fighting
  2498 | D:3      | Reached skill level 1 in Axes
  2525 | D:3      | Reached XP level 6. HP: 47/47 MP: 6/9
  2600 | D:3      | Found a hazy altar of Hepliaklqana.
  3007 | D:3      | Reached ** piety under Cheibriados
  3012 | D:3      | Slain by a gnoll

Levels and vault maps discovered:
D:1:      dpeg_arrival_rooms_with_view, layout_basic
D:2:      layout_loops_corners, chequers_temple_overflow_statue_of_worship,
          uniq_sigmund
D:3:      layout_rooms, lemuel_round_altar, overflow_temple_1_default,
          serial_forest, infiniplex_forest_lined_4_way, infiniplex_forest_end_2,
          infiniplex_forest_split, infiniplex_forest_straight_1,
          infiniplex_forest_end_double, infiniplex_forest_end_1,
          infiniplex_forest_fountain, infiniplex_forest_lined_room_2,
          infiniplex_forest_zigzag_2, grunt_ministairs_3, uniq_jessica

Skill      XL: |  1  2  3  4  5  6 |
---------------+-------------------+-----
Stealth        | 2 |  2.5
Dodging        | 2 |  2.5
Fire Magic     | 4 |  4.5
Spellcasting   | 2 |  2.4
Fighting       | 1 |  1.3
Axes           | 1 2 |  2.2
Conjurations   | 2 |  2.2

Action                   |  1- 3 |  4- 6 || total
-------------------------+-------+-------++-------
Melee: Unarmed           |    94 |    44 ||   138
       War axe           |       |    41 ||    41
 Cast: Foxfire           |    41 |    43 ||    84
  Use: Scroll            |       |     8 ||     8
       Potion            |       |     2 ||     2
 Stab: Sleeping          |     2 |     1 ||     3
  Eat: Chunk             |     3 |     3 ||     6
       Ration            |       |     1 ||     1
Armor: Robe              |    33 |    41 ||    74
Dodge: Dodged            |   103 |    84 ||   187

Table legend:
 A = Non-vault XP
 B = Vault XP
 C = Vault XP percentage of total XP
 D = Non-vault monster count
 E = Vault monster count
 F = Vault count percentage of total count
                 A         B        C        D         E       F
            +---------+---------+-------+---------+---------+-------
      Total |     359 |      40 |  10.0 |      70 |       3 |   4.1
            +---------+---------+-------+---------+---------+-------
        D:1 |      26 |       3 |  10.3 |      15 |       2 |  11.8
        D:2 |     116 |       0 |   0.0 |      33 |       0 |   0.0
        D:3 |     217 |      37 |  14.6 |      22 |       1 |   4.3
            +---------+---------+-------+---------+---------+-------
